 Dungeon Crawl Stone Soup version 0.28-a0-969-g2dcde036d2 (webtiles) character file.

Game seed: 4261753944507157456

1813 HessuHobo the Covered (level 8, -3/74 HPs)
             Began as a Minotaur Fighter on Dec 1, 2021.
             Was an Initiate of Okawaru.
             Slain by a hornet (6 damage)
             ... on level 8 of the Dungeon.
             The game lasted 00:12:48 (9952 turns).

HessuHobo the Covered (Minotaur Fighter)            Turns: 9952, Time: 00:12:48

Health: -3/74      AC: 10    Str: 22    XL:     8   Next: 84%
Magic:  7/7        EV:  8    Int:  5    God:    Okawaru [......]
Gold:   190        SH:  5    Dex: 11    Spells: 7/7 levels left

rFire   . . .      SeeInvis .   d - +1 short sword (holy)
rCold   . . .      Faith    +   c - +0 buckler
rNeg    + . .      Spirit   .   v - +0 chain mail
rPois   .          Reflect  .   (helmet restricted)
rElec   .          Harm     .   (no cloak)
rCorr   .          Rampage  .   (no gloves)
Will    .....                   (no boots)
Stlth   ..........              s - amulet of faith
HPRegen 0.22/turn               t - ring of positive energy
MPRegen 0.10/turn               (no ring)

@: no status effects
A: horns 2, retaliatory headbutt
a: Renounce Religion


You were on level 8 of the Dungeon.
You worshipped Okawaru.
Okawaru was noncommittal.
You visited 2 branches of the dungeon, and saw 9 of its levels.

You collected 190 gold pieces.

Inventory:

Hand Weapons
 a - a +0 long sword
 d - a +1 short sword of holy wrath (weapon)
 p - a +0 falchion
Armour
 b - a +0 scale mail
 c - a +0 buckler (worn)
 v - a +0 chain mail (worn)
Jewellery
 i - an amulet of magic regeneration
 s - an amulet of faith (around neck)
 t - a ring of positive energy (left hand)
Scrolls
 g - a scroll of noise
 m - a scroll of blinking {unknown}
 o - a scroll of brand weapon {unknown}
 r - a scroll of silence {unknown}
 x - a scroll of vulnerability {unknown}
 y - a scroll of fear {unknown}
Potions
 e - a potion of ambrosia {unknown}
 f - a potion of berserk rage {unknown}
 h - 2 potions of mutation
 j - 2 potions of cancellation
 l - a potion of brilliance
 u - a potion of flight {unknown}


   Skills:
 + Level 7.7 Fighting
 + Level 7.2 Long Blades
 + Level 7.8 Armour
 + Level 7.7 Shields


You had 7 spell levels left.
You didn't know any spells.
Your spell library contained the following spells:

 Spells                   Type           Power      Damage    Failure   Level
 Ensorcelled Hibernation  Hex/Ice        0%         N/A       99%         2
 Conjure Flame            Conj/Fire      0%         6-21      100%        3
 Ignite Poison            Fire/Tmut/Pois 0%         N/A       100%        3
 Spider Form              Tmut/Pois      0%         N/A       100%        3
 Stone Arrow              Conj/Erth      0%         3d7       100%        3
 Sticky Flame             Conj/Fire      0%         2d3       100%        4
 Lehudib's Crystal Spear  Conj/Erth      0%         10d2      100%        8
 Animate Armour           Summ/Erth      Unusable   N/A       N/A         4

Dungeon Overview and Level Annotations

Branches:
Dungeon (8/15)             Temple (1/1) D:6
   Lair: D:8-11

Altars:
Ashenzari
Cheibriados
Elyvilon
Fedhas
Gozag
Hepliaklqana
Okawaru
Qazlal
Ru
Trog
Uskayaw
Vehumet
Wu Jian
Xom
Yredelemnul
Zin
The Shining One

Annotations:
D:4 Grinder
D:6 2 runed translucent doors
D:7 Dowan, Duvessa, Joseph


Innate Abilities, Weirdness & Mutations

You have a pair of horns on your head.
You reflexively headbutt those who attack you in melee.


Message History

The water moccasin is severely wounded.
You feel very sick. You block the water moccasin's attack.
Something hits you but does no damage. You block the orc's attack.
You hit the water moccasin.
Your headbutt misses the water moccasin.
The water moccasin is severely wounded.
You feel sick.
The water moccasin bites you but does no damage.
Something hits you.
* * * LOW HITPOINT WARNING * * *
The orc hits you but does no damage. The water moccasin barely misses you.
Okay, then.
As you read the scroll of teleportation, it crumbles to dust.
You feel strangely unstable.
You feel sick. The water moccasin closely misses you. You furiously retaliate!
You headbutt the water moccasin!
You kill the water moccasin!
Okawaru accepts your kill. Something hits you but does no damage.
The orc hits you but does no damage.
You puncture the orc!
You kill the orc!
Okawaru accepts your kill.
You feel sick. Something hits you but does no damage.
You start resting.
You feel sick. Something hits you but does no damage.
Your surroundings suddenly seem different.
A hornet and a zombie come into view.
Found a stone staircase leading down.
You feel sick.
The hornet buzzes angrily.
As you read the scroll labelled QINODW UTUZ, it crumbles to dust.
The scroll dissolves into smoke.
It was a scroll of fog.
You feel sick.
You feel sick.
Okay, then.
You feel sick.
Found a stone staircase leading up.
You feel sick.
You are no longer poisoned.
As you read the scroll of fog, it crumbles to dust.
The scroll dissolves into smoke.
The hornet barely misses you. The hornet stings you.
You die...

#..........#
#..y§§§....# ..
#§§§§§§....# ...
#.§§§§§....##...
#§§§§§§.......#
##§§§§........#
##§§§§.§.....#.
#####yZ§§.....
#§@§§...#
#§§§...<..
##.######. #.#
#.# #.# #.# #.#


You could see a hornet and a centaur zombie.

Vanquished Creatures
  4 water moccasins
  An ice beast (D:7)
  3 ogres
  4 necrophages (D:6)
  Blork the orc (D:4)
  A wyvern skeleton (D:5)
  A water moccasin zombie (D:6)
  A water moccasin skeleton (D:5)
  A bullfrog zombie (D:6)
  2 orc priests
  2 iguanas
  Terence (D:4)
  4 orc wizards
  A hound skeleton (D:4)
  6 adders
  3 gnolls
  A howler monkey skeleton (D:3)
  An ufetubus (D:4)
  3 worms
  5 dart slugs
  21 orcs
  3 ball pythons
  7 bats
  2 endoplasms
  A giant cockroach (D:1)
  6 goblins
  4 hobgoblins
  4 jackals
  7 kobolds
  7 quokkas
  A frilled lizard (D:3)
  6 rats
115 creatures vanquished.

Vanquished Creatures (others)
  51 plants (D:4)
51 creatures vanquished.

Grand Total: 166 creatures vanquished

Notes
Turn   | Place    | Note
-------+----------+-------------------------------------------
     0 | D:1      | HessuHobo the Minotaur Fighter began the quest for the Orb.
     0 | D:1      | Reached XP level 1. HP: 19/19 MP: 0/0
   102 | D:1      | Found a faded altar of an unknown god.
   102 | D:1      | You fall into a shaft and drop 1 floor!
   178 | D:2      | Reached XP level 2. HP: 21/27 MP: 1/1
   220 | D:2      | Found a white marble altar of Elyvilon.
   626 | D:1      | Reached XP level 3. HP: 26/33 MP: 2/2
  2440 | D:3      | Found a blossoming altar of Fedhas.
  2644 | D:3      | Reached XP level 4. HP: 39/41 MP: 3/3
  3063 | D:3      | Noticed Terence
  3178 | D:4      | Killed Terence
  3661 | D:4      | Reached XP level 5. HP: 47/47 MP: 4/4
  3928 | D:4      | Noticed Grinder
  3928 | D:4      | Paralysed by Grinder for 2 turns
  3936 | D:4      | Paralysed by Grinder for 7 turns
  4332 | D:4      | Reached skill level 5 in Fighting
  4332 | D:4      | Reached skill level 5 in Armour
  4333 | D:4      | Reached skill level 5 in Shields
  4514 | D:4      | Found a glowing silver altar of Zin.
  4516 | D:4      | Found an iron altar of Okawaru.
  4752 | D:4      | Noticed Blork the orc
  4774 | D:5      | Entered Level 5 of the Dungeon
  4883 | D:5      | Noticed an ogre
  4913 | D:5      | Killed an ogre
  4914 | D:5      | Reached XP level 6. HP: 51/56 MP: 5/5
  5802 | D:5      | Reached skill level 5 in Long Blades
  6373 | D:6      | Reached XP level 7. HP: 62/62 MP: 6/6
  6871 | D:6      | Found a runed translucent door.
  6874 | D:6      | Noticed a vampire mosquito
  6876 | D:6      | Found a runed translucent door.
  6876 | D:6      | Noticed a vampire mosquito
  7033 | D:6      | Found a staircase to the Ecumenical Temple.
  7048 | D:6      | Reached XP level 8. HP: 62/71 MP: 7/7
  7064 | Temple   | Entered the Ecumenical Temple
  8991 | D:7      | Noticed Duvessa
  8994 | D:7      | Noticed Joseph
  8995 | D:7      | Noticed Dowan
  9253 | D:4      | Became a worshipper of Warmaster Okawaru
  9312 | D:4      | Killed Blork the orc
  9551 | D:4      | Paralysed by Grinder for 5 turns
  9934 | D:8      | HP: 3/73 [water moccasin (2)]
  9945 | D:8      | Noticed a hornet
  9948 | D:8      | HP: 3/74 [poisoned by a water moccasin]
  9952 | D:8      | Slain by a hornet

Illustrated notes

Levels and vault maps discovered:
D:1:      saegor_arrival_fortress, layout_loops_ring,
          hellmonk_ecumenical_altar_lost_god
D:2:      layout_basic, basic_altar
D:3:      layout_rooms, mainiacjoe_overflow_paths, uniq_terence
D:4:      wad_woods_tower, layout_loops_corners, nicolae_overflow_hidden_temple,
          uniq_blork_the_orc, uniq_grinder
D:5:      layout_rooms, serial_co_window_serial, co_window_of_opportunity_a,
          co_window_of_opportunity_a, co_window_paths_b, co_window_paths_a,
          co_window_paths_b, co_window_broadway_a, co_window_unsneaky_path_d,
          co_window_corner_b, co_window_cross_4, co_window_unsneaky_path_b,
          co_window_paths_c, co_window_sun, co_window_4corner_b,
          glass_columns_b, glass_columns_b, glass_columns_c, glass_columns_c,
          kennysheep_generic_room_13
D:6:      lemuel_insect_pit, layout_basic, minmay_temple_entry_large_hall
D:7:      layout_rooms, demons_altar, nemelex_diamond_rough_becter,
          fountainhead, uniq_joseph, uniq_prince_ribbit1, uniq_maggie,
          uniq_duvessa
D:8:      layout_rooms, mainiacjoe_overflow_chevrons, lemuel_doored_altar,
          serial_shops, shop
Temple:   zaba_magenta_temple

Skill      XL: |  1  2  3  4  5  6  7  8 |
---------------+-------------------------+-----
Fighting       | 4 5 6 7 |  7.7
Armour         | 4 5 6 7 |  7.8
Long Blades    | 3 4 5 6 7 |  7.2
Shields        | 4 5 6 7 |  7.7

Action                   |  1- 3 |  4- 6 |  7- 9 || total
-------------------------+-------+-------+-------++-------
Melee: Long sword        |    92 |       |       ||    92
       Headbutt          |     9 |    20 |    35 ||    64
       Falchion          |    12 |   130 |       ||   142
       Short sword       |       |     3 |   166 ||   169
  Use: Potion            |     1 |     1 |     3 ||     5
       Scroll            |       |     2 |     8 ||    10
Armor: Scale mail        |    38 |    56 |       ||    94
       Chain mail        |       |       |    77 ||    77
Dodge: Dodged            |    37 |    67 |    61 ||   165
Block: Buckler           |    23 |    23 |    38 ||    84

Table legend: (Time is in decaauts)
 A = Elapsed time spent in this place.
 B = Non-inter-level travel time spent in this place.
 C = Inter-level travel time spent in this place.
 D = Time resting spent in this place.
 E = Time spent auto-exploring this place.
 F = Levels seen in this place.
 G = Mean time per level.
                   A        B        C        D        E       F      G
               +--------+--------+--------+--------+--------+-----+--------+
         Total |   9986 |   9558 |    428 |   4313 |   3671 |   9 | 1109.6 |
       Dungeon |   9742 |   9314 |    428 |   4218 |   3621 |   8 | 1217.8 |
        Temple |    243 |    243 |      0 |     95 |     50 |   1 |  243.0 |
               +--------+--------+--------+--------+--------+-----+--------+

Top non-repeatable levels by time:
     D:6: 2454 daAuts
     D:4: 1890 daAuts
     D:5: 1673 daAuts
     D:1: 1462 daAuts
     D:3: 1197 daAuts
     D:2: 823 daAuts
  Temple: 243 daAuts
     D:7: 205 daAuts
     D:8: 34 daAuts
